 Dungeon Crawl Stone Soup version 0.18-a0-1327-gce91241 (webtiles) character file.

130 Reinor the Cutter (level 4, -9/23 HPs)
             Began as a Spriggan Abyssal Knight on Feb 16, 2016.
             Was a Believer of Lugonu.
             Killed by nerve-wracking pain
             ... invoked by an orc priest
              (14 damage)
             ... on level 3 of the Dungeon.
             The game lasted 00:07:41 (2463 turns).

Reinor the Cutter (Spriggan Abyssal Knight)         Turns: 2463, Time: 00:07:41

Health: -9/23      AC:  4    Str:  8    XL:     4   Next: 89%
Magic:  6/6        EV: 19    Int: 14    God:    Lugonu [**....]
Gold:   130        SH:  0    Dex: 19    Spells: 1 memorised, 1 level left

rFire  . . .     SeeInvis +     a - +1 short sword
rCold  . . .     Gourm    .     b - +1 robe
rNeg   . . .     Faith    .     (shield restricted)
rPois  .         Spirit   .     (helmet restricted)
rElec  .         Dismiss  .     o - +0 cloak
rCorr  .         Reflect  .     (gloves unavailable)
SustAt .         Harm     .     (boots unavailable)
MR     .....                    (no amulet)
Stlth  +++.......               (no ring)
                                d - +4 ring of dexterity

@: drained, very quick, not resistant to hostile enchantments, fairly stealthy
A: unfitting armour, see invisible, herbivore 3, speed 3, slow metabolism 2
a: Depart the Abyss, Bend Space, Renounce Religion


You were on level 3 of the Dungeon.
You worshipped Lugonu.
Lugonu was pleased with you.
You were not hungry.

You visited 1 branch of the dungeon, and saw 3 of its levels.
You visited the Abyss 1 time.

You collected 130 gold pieces.

Inventory:

Hand Weapons
 a - a +1 short sword (weapon)
Missiles
 g - 7 poisoned needles
 n - 5 curare-tipped needles
Armour
 b - a +1 robe (worn)
 o - a +0 cloak (worn)
Jewellery
 d - a +4 ring of dexterity (left hand)
Scrolls
 e - a scroll of identify
 i - a scroll of fog {unknown}
 k - 2 scrolls of remove curse
 l - a scroll of recharging {unknown}
 m - a scroll of teleportation {unknown}
 p - a scroll of blinking {unknown}
 r - a scroll of magic mapping {unknown}
Potions
 h - a potion of lignification
Books
 q - a book of Maledictions

   Spells                             Type                      Level
   a - Corona                         Hexes                        1
   b - Ensorcelled Hibernation        Hexes/Ice                    2
   c - Confuse                        Hexes                        3
   d - Tukima's Dance                 Hexes                        3
   e - Dazzling Spray                 Conjuration/Hexes            3
Comestibles
 c - 3 bread rations
 f - a slice of pizza
 j - 6 fruits


   Skills:
 - Level 2.5(2.4) Fighting
 + Level 4.8(4.7) Short Blades
 - Level 3.7(3.6) Dodging
 - Level 3.0(2.9) Stealth
 - Level 2.0(1.9) Invocations


You had one spell level left.
You knew the following spells:

 Your Spells              Type           Power        Failure   Level  Hunger
a - Ensorcelled Hibernat  Hex/Ice        #.....       43%         2    ###....


Dungeon Overview and Level Annotations

Branches:
Dungeon (3/15)

Altars:
Pakellas


Innate Abilities, Weirdness & Mutations

You are tiny and cannot use many weapons and most armour.
You have supernaturally acute eyesight.
You are an herbivore.
You cover ground extremely quickly.
You need consume almost no food.


Message History

Ouch! That really hurt!
* * * LOW HITPOINT WARNING * * *
You closely miss the orc priest.
The orc priest is heavily wounded.
The orc priest hits you but does no damage.
The orc barely misses you.
You barely miss the orc priest.
The orc priest is heavily wounded.
You hit the orc priest.
The orc priest is severely wounded.
The orc closely misses you. The orc priest closely misses you.
You completely miss the orc priest.
The orc priest is severely wounded.
The orc misses you. The orc priest barely misses you.
You hit the orc priest.
The orc priest is severely wounded.
The orc priest invokes the aid of Beogh against you.
Pain shoots through your body!
Ouch! That really hurt!
You die...

##.....##..........
#..
##########..#####
### ##.## . #..#
####..# ..
####.###...... ...
.#(....)..##..
..........###..
.).....)...# .#
..........@##.####..
.........oo#.(.....#
............)....o..
.......(...##o#####.
..........## ...
.......## ....#
###### ...## ...#
...#


You could see an orc priest and an orc.

Vanquished Creatures
  Crazy Yiuf (D:2)
  4 adders
  An ooze (D:2)
  A giant gecko (D:3)
  3 orcs (D:3)
  8 bats
  5 giant cockroaches
  7 goblins
  9 hobgoblins
  3 jackals (D:3)
  3 ball pythons
  A giant newt (D:3)
  6 kobolds
  3 rats
55 creatures vanquished.

Notes
Turn   | Place    | Note
--------------------------------------------------------------
     0 | Abyss:1  | Reinor the Spriggan Abyssal Knight began the quest for the Orb.
     0 | Abyss:1  | Reached XP level 1. HP: 11/11 MP: 3/3
    70 | Abyss:1  | Noticed a cacodemon
   103 | Abyss:1  | Noticed a crimson imp
   137 | Abyss:1  | Noticed a hell hog
   139 | D:1      | Escaped the Abyss
   372 | D:1      | Reached XP level 2. HP: 16/16 MP: 4/4
   376 | D:1      | Reached skill level 1 in Stealth
   745 | D:2      | Reached * piety under Lugonu
   745 | D:2      | Reached XP level 3. HP: 15/19 MP: 5/5
  1167 | D:2      | Reached XP level 4. HP: 19/23 MP: 6/6
  1437 | D:2      | Found an oddly glowing altar of Pakellas.
  1524 | D:2      | Noticed Crazy Yiuf
  1534 | D:2      | Killed Crazy Yiuf
  1534 | D:2      | Reached skill level 4 in Short Blades
  1759 | D:3      | Reached ** piety under Lugonu
  1923 | D:2      | Learned a level 2 spell: Ensorcelled Hibernation
  2463 | D:3      | Killed from afar by an orc priest

Vault maps used:
D:1:      moated_graveyard_arrival, minmay_misc_feat_plants
D:2:      lemuel_crystal_altar, first_bread, small_statue_intersection,
          kennysheep_cross_room, uniq_crazy_yiuf_cottage
D:3:      nicolae_qazlal_style_of_elements, st_stairs_11, uniq_jessica

Action                   |  1- 3 |  4- 6 || total
-------------------------+-------+-------++-------
Melee: Short sword       |   111 |    88 ||   199
Invok: Depart the Abyss  |     1 |       ||     1
  Use: Scroll            |     6 |       ||     6
       Potion            |     1 |       ||     1
 Stab: Sleeping          |     2 |     2 ||     4
       Distracted        |     2 |       ||     2
